Map: Oxide LE

Players

MaxPax

  • Race: Protoss Protoss

Gerald - Winner!

  • Race: Protoss Protoss

Event: DreamHack SC2 Masters 2021 Fall

VOD

Have the link to the VOD?

Description

Time

  • Played on: July 28, 2021, 2:02 p.m.
  • Length: 11:45

All games in this series

Show
View Real Time Build Order
Export as new Build Order

MaxPax Protoss 

Build Orders: Oracle Opening, Blink Stalkers 

Get SALT Encoding   

  12  0:00  Probe  
  13  0:12  Probe  
  14  0:19  Pylon  
  14  0:24  Probe  
  15  0:37  Probe (Chrono Boost)  
  15  0:42  Gateway  
  16  0:47  Assimilator, Probe (Chrono Boost)  
  17  0:52  Probe (Chrono Boost)  
  18  1:04  Probe (Chrono Boost)  
  19  1:09  Assimilator  
  19  1:11  Pylon  
  19  1:16  Probe (Chrono Boost)  
  20  1:22  Probe (Chrono Boost)  
  21  1:29  Cybernetics Core  
  21  1:30  Probe  
  22  1:34  Zealot  
  24  1:42  Probe  
  25  1:54  Probe  
  26  2:04  Adept (Chrono Boost)  
  26  2:06  Stargate  
  28  2:12  Probe  
  28  2:13  Pylon  
  28  2:14  Warp Gate  
  29  2:25  Probe  
  30  2:31  Stalker  
  32  2:38  Probe  
  32  2:50  Oracle (Chrono Boost)  
  36  3:03  Nexus  
  35  3:15  Pylon  
  35  3:17  Probe  
  36  3:23  Twilight Council  
  36  3:28  Shield Battery  
  36  3:32  Probe  
  37  3:41  Gateway  
  37  3:44  Probe  
  38  3:54  Blink (Chrono Boost)  
  38  3:56  Probe  
  39  4:03  Stalker  
  39  4:08  Probe  
  40  4:15  Shield Battery, Probe  
  41  4:21  Probe  
  41  4:22  Gateway  
  42  4:27  Probe  
  43  4:32  Stalker  
  43  4:33  Probe  
  46  4:39  Probe  
  46  4:41  Forge  
  46  4:43  Stalker  
  49  4:45  Probe  
  49  4:51  Probe  
  51  4:58  Probe  
  52  5:06  Nexus  
  53  5:07  Probe  
  53  5:10  Probe  
  53  5:13  Sentry, Stalker  
  58  5:18  Stalker  
  60  5:23  Pylon, Probe  
  60  5:25  Probe  
  62  5:28  Assimilator  
  62  5:38  Pylon  
  62  5:41  Probe x2  
  64  5:53  Stalker x2, Probe  
  64  5:55  Probe  
  70  5:58  Stalker  
  70  6:05  Probe  
  70  6:07  Probe  
  69  6:11  Robotics Facility  
  69  6:13  Assimilator  
  69  6:17  Probe  
  70  6:19  Probe  
  70  6:20  Probe  
  70  6:21  Photon Cannon  
  70  6:25  Stalker x2  
  74  6:27  Charge (Chrono Boost)  
  74  6:30  Probe  
  74  6:31  Probe  
  74  6:32  Shield Battery  
  76  6:36  Probe  
  77  6:42  Pylon, Probe  
  77  6:46  Gateway, Probe  
  79  6:47  Sentry  
  79  6:48  Zealot  
  79  6:50  Probe  
  84  6:54  Probe  
  84  6:57  Pylon  
  84  7:00  Gateway  
  84  7:01  Observer (Chrono Boost), Probe  
  86  7:02  Probe  
  86  7:03  Zealot  
  90  7:14  Stalker x2  
  94  7:16  Warp Prism (Chrono Boost)  
  94  7:18  Forge  
  90  7:24  Probe x2  
  90  7:26  Assimilator x2  
  92  7:30  Gateway  
  92  7:33  Stalker  
  94  7:40  Stalker x2  
  96  7:45  Gateway  
  96  7:47  Gateway  
  96  7:53  Protoss Ground Weapons Level 1 (Chrono Boost)  
  96  7:58  Photon Cannon  
  96  8:01  Gateway  
  96  8:02  Zealot x3  
  96  8:03  Zealot x2  
  106  8:13  Immortal (Chrono Boost)  
  96  8:27  Zealot x6  
  96  8:32  Templar Archives  
  108  8:36  Pylon  
  108  8:37  Pylon  
  108  8:39  Photon Cannon  
  108  8:44  Observer  
  108  8:46  Photon Cannon  
  109  8:51  Gateway  
  109  8:52  Sentry  
  109  8:54  Pylon  
  109  8:55  Pylon, Zealot x2  
  109  8:56  Pylon, Zealot  
  115  9:08  High Templar  
  115  9:09  High Templar x3, Warp Prism (Chrono Boost)  
  123  9:10  Zealot  
  123  9:14  Archon x2  
  123  9:15  Pylon  
  126  9:24  Nexus  
  126  9:25  High Templar  
  126  9:27  High Templar  
  130  9:32  Archon  
  130  9:33  High Templar x2, Zealot  
  136  9:38  Archon  
  136  9:46  High Templar x2, Zealot x3  
  136  9:51  Archon  
  136  10:01  Zealot x3  
  140  10:10  High Templar x2  
  140  10:11  Pylon, Zealot x2  
  148  10:14  Pylon, Archon  
  140  10:29  Zealot x3  
  140  10:30  Zealot  
  131  10:37  Zealot x4, Immortal (Chrono Boost)  
  141  10:48  Photon Cannon  
  139  10:52  Zealot x5  
  139  10:56  Zealot  
  125  11:07  Zealot x3  
  112  11:13  Zealot x7  
  112  11:14  High Templar  
  112  11:17  High Templar  
  116  11:23  Archon  
  74  11:37  Zealot x6  
  74  11:38  Zealot  
Show
View Real Time Build Order
Export as new Build Order

Gerald Protoss - Winner!

Build Orders:  

Get SALT Encoding   

  12  0:00  Probe  
  13  0:12  Probe  
  14  0:18  Pylon  
  14  0:24  Probe (Chrono Boost)  
  15  0:37  Gateway  
  15  0:38  Probe (Chrono Boost)  
  16  0:43  Probe (Chrono Boost)  
  16  0:46  Assimilator  
  17  0:52  Probe  
  17  0:55  Assimilator  
  18  1:04  Probe (Chrono Boost)  
  19  1:12  Pylon  
  19  1:15  Probe (Chrono Boost)  
  20  1:19  Probe (Chrono Boost)  
  20  1:24  Cybernetics Core  
  21  1:30  Probe  
  21  1:31  Zealot  
  24  1:38  Pylon  
  24  1:44  Probe  
  25  1:57  Probe  
  25  2:00  Stalker  
  25  2:01  Warp Gate  
  28  2:09  Probe  
  29  2:17  Pylon  
  29  2:20  Cybernetics Core  
  29  2:30  Gateway  
  29  2:39  Stalker  
  31  2:53  Shield Battery  
  30  3:01  Nexus  
  30  3:04  Probe  
  31  3:11  Shield Battery  
  31  3:16  Shield Battery, Probe  
  32  3:24  Twilight Council  
  32  3:29  Probe  
  33  3:41  Probe  
  34  3:46  Shield Battery  
  31  3:52  Stalker  
  31  3:53  Stalker  
  35  3:58  Probe  
  36  4:11  Blink, Probe (Chrono Boost)  
  36  4:15  Probe (Chrono Boost)  
  38  4:19  Stalker  
  38  4:20  Stalker  
  43  4:25  Probe (Chrono Boost)  
  43  4:26  Probe (Chrono Boost)  
  43  4:29  Probe (Chrono Boost)  
  45  4:33  Probe  
  45  4:37  Forge  
  46  4:42  Probe  
  47  4:46  Sentry x2  
  47  4:48  Probe  
  52  4:54  Robotics Facility, Probe  
  53  5:00  Probe  
  53  5:01  Pylon  
  54  5:09  Protoss Ground Weapons Level 1 (Chrono Boost)  
  54  5:19  Probe x2  
  54  5:20  Nexus  
  56  5:31  Probe  
  56  5:33  Gateway, Probe  
  56  5:34  Gateway  
  58  5:42  Assimilator  
  58  5:43  Stalker, Probe  
  61  5:50  Probe  
  61  5:52  Pylon  
  62  6:01  Probe  
  61  6:10  Stalker x2  
  63  6:22  Probe  
  64  6:26  Gateway  
  64  6:27  Gateway  
  64  6:32  Probe  
  65  6:35  Gateway  
  65  6:37  Gateway  
  65  6:38  Nexus, Stalker x2  
  69  6:42  Charge, Pylon  
  69  6:49  Pylon  
  70  7:01  Observer (Chrono Boost)  
  70  7:02  Gateway x2  
  70  7:03  Probe  
  71  7:12  Zealot x4  
  79  7:15  Protoss Ground Weapons Level 2 (Chrono Boost)  
  79  7:22  Probe  
  81  7:32  Zealot x2  
  81  7:34  Probe  
  85  7:37  Templar Archives  
  85  7:38  Probe  
  86  7:46  Pylon  
  86  7:49  Probe  
  86  7:50  Probe  
  86  7:52  Zealot x4  
  86  7:58  Zealot x2  
  98  7:59  Probe  
  98  8:04  Probe  
  98  8:05  Assimilator  
  98  8:14  Zealot x4  
  98  8:18  Zealot  
  98  8:24  Warp Prism (Chrono Boost)  
  100  8:27  Stalker  
  100  8:30  Stalker  
  100  8:31  Probe  
  100  8:32  Probe  
  106  8:39  High Templar  
  109  8:42  Pylon  
  109  8:44  Pylon x2  
  109  8:53  Pylon  
  108  9:00  Observer (Chrono Boost), Photon Cannon  
  108  9:01  High Templar x3  
  108  9:02  Zealot x3  
  119  9:07  Archon x2  
  121  9:12  High Templar x2, Zealot x2  
  129  9:18  Pylon, Archon  
  129  9:27  High Templar  
  129  9:28  Zealot  
  129  9:29  High Templar  
  129  9:31  Nexus  
  135  9:34  Archon  
  135  9:35  Pylon  
  135  9:45  Zealot x5  
  145  9:49  Zealot  
  145  9:50  Zealot  
  147  10:06  High Templar  
  147  10:07  Pylon, High Templar, Zealot x2  
  149  10:08  Zealot x2  
  149  10:12  Archon  
  154  10:14  Zealot  
  132  10:36  High Templar x2  
  132  10:38  Zealot x2  
  132  10:39  Zealot x3  
  132  10:40  Zealot  
  132  10:42  Archon  
  146  10:43  Zealot x2  
  148  11:01  Zealot x4  
  148  11:02  Zealot x2  
  149  11:09  Stalker  
  149  11:10  Stalker x3, Probe  
  143  11:11  Observer  
  137  11:25  Zealot x6  
  133  11:33  Stalker  
  133  11:34  Stalker x3  

Tags
 
Add a new tag
Caveats
  • Supply blocks, unpowered buildings, or Contaminate may cause inaccurate times.
  • Supply counts are checked every 10 seconds.